 Dungeon Sprint DCSS version 0.27-a0-978-g2aa4ecdaef (webtiles) character file.

Game seed: 11285581350277215254

152567 mhtbhm the Petrodigitator (level 17, -11/108 HPs)
             Began as a Gargoyle Earth Elementalist on Apr 14, 2021.
             Was the Champion of Vehumet.
             Killed from afar by a hellion (20 damage)
             ... with damnation
             ... summoned by Asmodeus
             ... in the Dungeon (Sprint VII: "The Pits").
             The game lasted 00:35:38 (8942 turns).

mhtbhm the Petrodigitator (GrEE)                    Turns: 8942, Time: 00:35:38

Health: -11/108    AC: 23    Str: 13    XL:     17   Next: 58%
Magic:  9/48       EV: 28    Int: 31    God:    Vehumet [******]
Gold:   31         SH:  0    Dex: 20    Spells: 20/70 levels left

rFire    + + +     SeeInvis +   a - +2 lajatang (elec)
rCold    + + +     Faith    .   (shield currently unavailable)
rNeg     + + .     Spirit   .   c - +1 robe {rC+}
rPois    ∞         Reflect  .   f - +4 helmet
rElec    +         Harm     .   G - scarf {rC+ rF+}
rCorr    +         Rampage  .   s - +0 pair of gloves of the Hidden Vale {rF+ rC+ rCorr Dex+4}
Will     ++...     NoTele   +   g - +1 pair of boots
Stlth    ++++......             N - amulet "Qodonetu" {Drain rElec Regen+ Int+5 SInv}
HPRegen  1.28/turn              X - ring of Plog {rF+ Will+ Int+4 Dex+6 Stlth+}
MPRegen  0.31/turn              y - ring of Discretion {Wiz rN+}

@: flying, studying Throwing
A: AC +12, big wings, negative energy resistance 1, electricity resistance,
torment resistance 1, unbreathing 1, petrification resistance, deterioration 1
a: Renounce Religion


You were in the Dungeon.
You worshipped Vehumet.
Vehumet was exalted by your worship.
You visited 1 branch You collected 31 gold pieces.

Inventory:

Hand Weapons
 a - a +2 lajatang of electrocution (weapon)
 q - the +8 autumn katana {vorpal, Clar}
   (You found it in the Dungeon)

   It inflicts extra damage upon your enemies.
   It protects you against confusion.
Missiles
 b - 38 stones (quivered)
 t - 15 javelins
Armour
 c - a +1 robe of cold resistance (worn)
 f - a +4 helmet (worn)
 g - a +1 pair of boots (worn)
 s - the +0 pair of gloves of the Hidden Vale (worn) {rF+ rC+ rCorr Dex+4}
   (You found it in the Dungeon)

   It affects your dexterity (+4).
   It protects you from fire.
   It protects you from cold.
   It protects you from acid and corrosion.
 G - a scarf of resistance (worn)
Jewellery
 y - the ring of Discretion (right hand) {Wiz rN+}
   (You found it in the Dungeon)

   [ring of wizardry]

   It improves your spell success rate.
   It protects you from negative energy.
 N - the amulet "Qodonetu" (around neck) {Drain rElec Regen+ Int+5 SInv}
   (You found it in the Dungeon)

   [amulet of regeneration]

   It affects your intelligence (+5).
   It insulates you from electricity.
   It lets you see invisible.
   It increases your rate of health regeneration.
   It drains your maximum health when unequipped.
 Q - the amulet "Kiem" {Regen+ Str+7}
   (You found it in the Dungeon)

   [amulet of regeneration]

   It affects your strength (+7).
   It increases your rate of health regeneration.
 U - the ring "Gyetzull" {AC+4 Str+4 Int+4 Stlth+}
   (You found it in the Dungeon)

   [ring of protection]

   It affects your AC (+4).
   It affects your strength (+4).
   It affects your intelligence (+4).
   It makes you more stealthy.
 X - the ring of Plog (left hand) {rF+ Will+ Int+4 Dex+6 Stlth+}
   (You found it in the Dungeon)

   [ring of dexterity]

   It affects your intelligence (+4).
   It affects your dexterity (+6).
   It protects you from fire.
   It increases your willpower.
   It makes you more stealthy.
Wands
 u - a wand of iceblast (10)
 v - a wand of polymorph (6)
Scrolls
 i - a scroll of blinking
 j - 5 scrolls of amnesia
 k - a scroll of summoning
 l - 2 scrolls of vulnerability
 x - a scroll of magic mapping
 A - 4 scrolls of enchant weapon
 D - a scroll of fog
 E - 2 scrolls of enchant armour
Potions
 d - 11 potions of curing
 e - 4 potions of heal wounds
 h - 2 potions of berserk rage
 m - 2 potions of invisibility
 o - 4 potions of brilliance
 p - 2 potions of might
 r - 4 potions of haste
 C - 2 potions of mutation
 F - a potion of magic


   Skills:
 + Level 12.5 Fighting
 + Level 8.6 Staves
 + Level 0.3 Throwing
 + Level 22.0 Dodging
 - Level 4.2 Stealth
 + Level 15.7 Shields
 O Level 27 Spellcasting
 + Level 13.9 Conjurations
 + Level 2.2 Transmutations
 + Level 3.8 Fire Magic
 O Level 27 Earth Magic
 + Level 0.4 Evocations


You had 20 spell levels left.
You knew the following spells:

 Your Spells              Type           Power      Damage    Failure   Level
a - Sandblast             Erth           100%       2d20      0%          1
b - Passwall              Tmut/Erth      77%        N/A       0%          2
c - Stone Arrow           Conj/Erth      100%       3d13      0%          3
d - Lee's Rapid Deconstr  Erth           59%        3d28*     0%          5
e - Petrify               Tmut/Erth      93%        N/A       0%          4
f - Sticky Flame          Conj/Fire      77%        2d9       1%          4
g - Shatter               Erth           59%        3d44*     1%          9
h - Fireball              Conj/Fire      38%        3d16      1%          5
i - Lehudib's Crystal Sp  Conj/Erth      53%        10d12     1%          8
j - Fire Storm            Conj/Fire      38%        8d10      75%         9

Your spell library contained the following spells:

 Spells                   Type           Power      Damage    Failure   Level
 Magic Dart               Conj           100%       1d8       0%          1
 Iron Shot                Conj/Erth      53%        9d10      0%          6
 Animate Skeleton         Necr           82%        N/A       1%          1
 Apportation              Tloc           82%        N/A       1%          1
 Corona                   Hex            45%        N/A       1%          1
 Shock                    Conj/Air       100%       1d9       1%          1
 Summon Small Mammal      Summ           100%       N/A       1%          1
 Call Imp                 Summ           41%        N/A       1%          2
 Corpse Rot               Necr/Air       N/A        N/A       1%          2
 Ensorcelled Hibernation  Hex/Ice        82%        N/A       1%          2
 Poisonous Vapours        Pois/Air       82%        N/A       1%          2
 Static Discharge         Conj/Air       71%        N/A       1%          2
 Call Canine Familiar     Summ           41%        N/A       1%          3
 Conjure Flame            Conj/Fire      77%        6-21      1%          3
 Dazzling Flash           Conj/Hex       100%       N/A       1%          3
 Ignite Poison            Fire/Tmut/Pois 53%        N/A       1%          3
 Inner Flame              Hex/Fire       52%        N/A       1%          3
 Lesser Beckoning         Tloc           20%        N/A       1%          3
 Mephitic Cloud           Conj/Pois/Air  63%        N/A       1%          3
 Portal Projectile        Hex/Tloc       82%        N/A       1%          3
 Summon Guardian Golem    Hex/Summ       41%        N/A       1%          3
 Swiftness                Air            41%        N/A       1%          3
 Airstrike                Air            20%        N/A       1%          4
 Fulminant Prism          Conj/Hex       35%        3d18      1%          4
 Hailstorm                Conj/Ice       71%        3d15      1%          4
 Iskenderun's Mystic Bla  Conj/Tloc      71%        2d14      1%          4
 Lightning Bolt           Conj/Air       35%        1d53      1%          5
 Yara's Violent Unravell  Hex/Tmut       24%        3d11      1%          5
 Conjure Ball Lightning   Conj/Air       35%        3x3d11    1%          6
 Freezing Cloud           Conj/Ice/Air   31%        6-21      1%          6
 Starburst                Conj/Fire      38%        8x6d11    1%          6
 Dispel Undead            Necr           41%        3d16      2%          4
 Passage of Golubria      Tloc           N/A        N/A       2%          4
 Summon Ice Beast         Ice/Summ       41%        N/A       2%          4
 Summon Lightning Spire   Summ/Air       41%        N/A       2%          4
 Hydra Form               Tmut           27%        N/A       2%          5
 Spellforged Servitor     Conj/Summ      35%        N/A       3%          7
 Agony                    Necr           41%        N/A       6%          5
 Excruciating Wounds      Necr           20%        N/A       6%          5
 Silence                  Hex/Air        20%        N/A       6%          5
 Summon Forest            Summ/Tloc      20%        N/A       6%          5
 Summon Mana Viper        Hex/Summ       41%        N/A       6%          5
 Eringya's Noxious Bog    Tmut/Pois      24%        N/A       7%          6
 Ignition                 Fire           30%        3d10      54%         8
 Summon Hydra             Summ           20%        N/A       86%         7
 Tornado                  Air            20%        N/A       100%        9
 Sublimation of Blood     Necr           Unusable   N/A       N/A         2

Dungeon Overview and Level Annotations

Branches:
Dungeon (1/1)

Altars:
Ashenzari
Cheibriados
Dithmenos
Elyvilon
Fedhas
Gozag
Hepliaklqana
Kikubaaqudgha
Makhleb
Nemelex Xobeh
Okawaru
Qazlal
Ru
Sif Muna
Trog
Uskayaw
Vehumet
Wu Jian
Xom
Yredelemnul
Zin
The Shining One
Beogh
Jiyva
Lugonu

Annotations:
D Asmodeus


Innate Abilities, Weirdness & Mutations

Your stone body is resilient. (AC +12)
You are immune to poison.
Your large and strong wings let you fly.
You resist negative energy. (rN+)
You are resistant to electric shocks. (rElec)
You are resistant to unholy torment.
You can survive without breathing.
You are immune to petrification.
Your body sometimes deteriorates upon taking damage.


Message History

Press: ? - help, Dir - move target A metal wall.
The metal wall shatters!
The blast of metal fragments hits Asmodeus but does no damage.
Asmodeus is heavily wounded.
The blast of metal fragments hits the Brimstone Fiend!!
The Brimstone Fiend is almost dead.
You are engulfed in blazing flames.
You resist.
Asmodeus gestures.
The Brimstone Fiend barely misses you. The Brimstone Fiend misses you. x2
Unknown command.
Unknown command.
Unknown command.
Casting: Lee's Rapid Deconstruction (safe; 0% risk of failure)
Confirm with . or Enter, or press ? or * to list all spells.
Okay, then.
Casting: Lee's Rapid Deconstruction (safe; 0% risk of failure)
Confirm with . or Enter, or press ? or * to list all spells.
Aiming: Lee's Rapid Deconstruction (safe; 0% risk of failure)
Press: ? - help, Dir - move target A metal wall.
Okay, then.
Casting: Lee's Rapid Deconstruction (safe; 0% risk of failure)
Confirm with . or Enter, or press ? or * to list all spells.
Okay, then.
Casting: Lee's Rapid Deconstruction (safe; 0% risk of failure)
Confirm with . or Enter, or press ? or * to list all spells.
Aiming: Lee's Rapid Deconstruction (safe; 0% risk of failure)
Press: ? - help, Dir - move target A metal wall.
The metal wall shatters!
The blast of metal fragments hits Asmodeus but does no damage.
Asmodeus is heavily wounded.
The blast of metal fragments hits the Brimstone Fiend!!
The Brimstone Fiend is almost dead.
Asmodeus hits you with the +7 sceptre of Asmodeus!!
* * * LOW HITPOINT WARNING * * *
The hellion gestures at you.
The sphere of damnation explodes!
The damnation engulfs you!!
You die...

## #. .. ### +. #)#
### ### ### #'
###)###.###.###.###.
#☼122'...'.).'...').
##&@##'.##).##'.##'[
#☼#☼#.###.###.###.##
# #### ## ## ## #
+##### .....# .....#
..#..# .....# .....#


You could see Asmodeus (clouds), a Brimstone Fiend (summoned) and 2 hellions.

Vanquished Creatures
  Gloorx Vloq (D)
  Mara (D)
  3 ancient liches (D)
  A pandemonium lord (D)
  A royal mummy (D)
  Frederick (D)
  4 curse toes (D)
  A profane servitor (D)
  2 Brimstone Fiends (D)
  2 electric golems (D)
  A Tzitzimitl (D)
  A Hell Sentinel (D)
  A lich (D)
  2 deep elf blademasters (D)
  3 titans (D)
  An Executioner (D)
  A shadow dragon (D)
  2 deep elf master archers (D)
  3 sphinxes (D)
  Agnes (D)
  A draconian monk (D)
  A nagaraja (D)
  A frost giant (D)
  A ghost moth (D)
  3 orc warlords (D)
  A deep elf sorcerer (D)
  A draconian annihilator (D)
  A deep elf demonologist (D)
  2 green draconians (D)
  A black draconian (D)
  A deep elf annihilator (D)
  A yellow draconian (D)
  A minotaur (D)
  A green death (D)
  Josephine (D)
  2 yaktaur captains (D)
  4 naga warriors (D)
  4 deep elf high priests (D)
  A great orb of eyes (D)
  2 vault guards (D)
  A boulder beetle (D)
  3 ogre magi (D)
  A merfolk avatar (D)
  An anaconda (D)
  4 two-headed ogres (D)
  A spriggan air mage (D)
  2 death yaks (D)
  A spriggan berserker (D)
  A deep elf knight (D)
  A sixfirhy (D)
  A fire crab (D)
  2 iron trolls (D)
  A cherub (D)
  2 necromancers (D)
  A lindwurm (D)
  A deep elf pyromancer (D)
  8 orc knights (D)
  3 harpies (D)
  A manticore (D)
  A naga mage (D)
  A freezing wraith (D)
  An efreet (D)
  2 guardian mummies (D)
  An ice devil (D)
  A rime drake (D)
  2 yaktaurs (D)
  A hellwing (D)
  A red devil (D)
  2 wandering mushrooms (D)
  4 trolls (D)
  A polar bear (D)
  A tyrant leech (D)
  A merfolk (D)
  A snapping turtle (D)
  A flying skull (D)
  A wyvern (D)
  A shadow (D)
  A redback (D)
  2 yaks (D)
  2 vampires (D)
  A steam dragon (D)
  6 wraiths (D)
  2 fire elementals (D)
  A neqoxec (D)
  A warg (D)
  2 floating eyes (D)
  4 orc warriors (D)
  An ogre (D)
  2 necrophages (D)
  A wolf (D)
  A bullfrog (D)
  A kobold brigand (D)
  2 scorpions (D)
  6 killer bees (D)
  3 wights (D)
  2 orc priests (D)
  A hound (D)
  2 gnoll shamans (D)
  An iron imp (D)
  An iguana (D)
  2 orc wizards (D)
  A hell rat (D)
  A mummy (D)
  10 gnolls (D)
  An adder (D)
  A white imp (D)
  An adder skeleton (D)
  7 orcs (D)
  A bat skeleton (D)
  An endoplasm (D)
  2 hobgoblins (D)
  7 jackals (D)
  A quokka (D)
  2 ball python skeletons (D)
  A ball python zombie (D)
  A frilled lizard (D)
  A giant cockroach simulacrum (D)
  A jackal skeleton (D)
  A quokka skeleton (D)
  2 rats (D)
215 creatures vanquished.

Notes
Turn   | Place    | Note
-------+----------+-------------------------------------------
     0 | D        | mhtbhm the Gargoyle Earth Elementalist began the quest for
                  | the Orb.
     0 | D        | Reached XP level 1. HP: 10/10 MP: 3/3
    26 | D        | Found a bloodstained altar of Trog.
    26 | D        | Found a shimmering blue altar of Sif Muna.
    26 | D        | Found a viscous altar of Jiyva.
    26 | D        | Found a hazy altar of Hepliaklqana.
    26 | D        | Found an opulent altar of Gozag.
    27 | D        | Found a glowing golden altar of the Shining One.
    27 | D        | Found a glowing silver altar of Zin.
    27 | D        | Found a basalt altar of Yredelemnul.
    27 | D        | Found a shimmering altar of Xom.
    27 | D        | Found an ornate altar of the Wu Jian Council.
    27 | D        | Found a sacrificial altar of Ru.
    27 | D        | Found a stormy altar of Qazlal.
    27 | D        | Found an iron altar of Okawaru.
    27 | D        | Found a sparkling altar of Nemelex Xobeh.
    27 | D        | Found a burning altar of Makhleb.
    27 | D        | Found a blossoming altar of Fedhas.
    27 | D        | Found a white marble altar of Elyvilon.
    27 | D        | Found a shadowy altar of Dithmenos.
    27 | D        | Found a snail-covered altar of Cheibriados.
    29 | D        | Found a radiant altar of Vehumet.
    29 | D        | Found a corrupted altar of Lugonu.
    30 | D        | Found a hide-covered altar of Uskayaw.
    30 | D        | Found an ancient bone altar of Kikubaaqudgha.
    30 | D        | Found a broken altar of Ashenzari.
    37 | D        | Became a worshipper of Vehumet
    85 | D        | Noticed a floating eye
    92 | D        | Killed a floating eye
    93 | D        | Reached skill level 1 in Staves
    93 | D        | Reached XP level 2. HP: 15/15 MP: 2/7
    93 | D        | Reached XP level 3. HP: 19/19 MP: 2/8
    93 | D        | Reached XP level 4. HP: 24/24 MP: 2/10
    96 | D        | Learned a level 2 spell: Passwall
   100 | D        | Learned a level 3 spell: Stone Arrow
   154 | D        | Noticed a floating eye
   156 | D        | Reached * piety under Vehumet
   156 | D        | Offered knowledge of Foxfire by Vehumet.
   157 | D        | Paralysed by a floating eye for 3 turns
   162 | D        | Killed a floating eye
   163 | D        | Reached skill level 5 in Spellcasting
   163 | D        | Reached skill level 1 in Transmutations
   163 | D        | Reached skill level 10 in Earth Magic
   163 | D        | Reached XP level 5. HP: 27/28 MP: 8/12
   402 | D        | Reached XP level 6. HP: 32/32 MP: 6/13
   406 | D        | Reached ** piety under Vehumet
   414 | D        | Learned a level 5 spell: Lee's Rapid Deconstruction
   419 | D        | Learned a level 4 spell: Petrify
   454 | D        | Offered knowledge of Magic Dart by Vehumet.
   550 | D        | Reached *** piety under Vehumet
   551 | D        | Noticed a necrophage
   563 | D        | Killed a necrophage
   630 | D        | Offered knowledge of Searing Ray by Vehumet.
   630 | D        | Reached **** piety under Vehumet
   631 | D        | Reached skill level 1 in Conjurations
   645 | D        | Reached ***** piety under Vehumet
   848 | D        | Offered knowledge of Sticky Flame by Vehumet.
   849 | D        | Reached XP level 7. HP: 34/37 MP: 10/16
   854 | D        | Learned a level 4 spell: Sticky Flame
   872 | D        | Noticed a boulder beetle
   914 | D        | Killed a boulder beetle
   914 | D        | Offered knowledge of Frozen Ramparts by Vehumet.
   915 | D        | Reached skill level 1 in Fighting
   915 | D        | Reached skill level 5 in Staves
   915 | D        | Reached XP level 8. HP: 24/43 MP: 1/21
  1217 | D        | Offered knowledge of Orb of Destruction by Vehumet.
  1218 | D        | Reached skill level 5 in Dodging
  1219 | D        | Reached skill level 10 in Spellcasting
  1239 | D        | Noticed a rime drake
  1239 | D        | Noticed a snapping turtle
  1245 | D        | Killed a rime drake
  1246 | D        | Reached XP level 9. HP: 3/48 MP: 13/23
  1251 | D        | Reached skill level 15 in Earth Magic
  1360 | D        | Found the +8 autumn katana {vorpal, Clar}
  1387 | D        | Got the +4 quarterstaff of the Turnip {vorpal, Will+}
  1462 | D        | Noticed a guardian mummy
  1465 | D        | Offered knowledge of Fulminant Prism by Vehumet.
  1468 | D        | Killed a guardian mummy
  1688 | D        | Noticed a deep elf pyromancer
  1690 | D        | Killed a deep elf pyromancer
  1694 | D        | Reached ****** piety under Vehumet
  1694 | D        | Offered knowledge of Fireball by Vehumet.
  1825 | D        | Reached XP level 10. HP: 55/55 MP: 21/26
  1889 | D        | Noticed Josephine
  1892 | D        | Killed Josephine
  1919 | D        | Offered knowledge of Iron Shot by Vehumet.
  2096 | D        | Noticed a minotaur
  2105 | D        | Offered knowledge of Eringya's Noxious Bog by Vehumet.
  2106 | D        | Killed a minotaur
  2107 | D        | Reached skill level 15 in Spellcasting
  2107 | D        | Reached XP level 11. HP: 33/60 MP: 11/30
  2249 | D        | Noticed a great orb of eyes
  2257 | D        | Killed a great orb of eyes
  2537 | D        | Noticed a harpy
  2537 | D        | Noticed a harpy
  2537 | D        | Noticed a manticore
  2537 | D        | Noticed a harpy
  2540 | D        | Killed a harpy
  2543 | D        | Killed a harpy
  2543 | D        | Offered knowledge of Spellforged Servitor by Vehumet.
  2551 | D        | Gained mutation: Your body sometimes deteriorates upon
                  | taking damage. [a neqoxec]
  2552 | D        | Killed a harpy
  2555 | D        | Killed a manticore
  2556 | D        | Noticed a death yak
  2563 | D        | Killed a death yak
  2564 | D        | Noticed a lindwurm
  2567 | D        | Killed a lindwurm
  2927 | D        | Noticed an anaconda
  2927 | D        | Noticed a green draconian
  2927 | D        | Noticed a cherub
  2927 | D        | Noticed a sixfirhy
  2929 | D        | Killed an anaconda
  2929 | D        | Offered knowledge of Starburst by Vehumet.
  2930 | D        | Killed a sixfirhy
  2931 | D        | Reached XP level 12. HP: 58/66 MP: 25/33
  2932 | D        | Killed a green draconian
  3075 | D        | Offered knowledge of Lehudib's Crystal Spear by Vehumet.
  3075 | D        | Offered knowledge of Fire Storm by Vehumet.
  3075 | D        | Offered knowledge of Shatter by Vehumet.
  3104 | D        | Noticed a death yak
  3111 | D        | Killed a death yak
  3279 | D        | Noticed a merfolk avatar
  3284 | D        | Killed a merfolk avatar
  3590 | D        | Noticed a nagaraja
  3592 | D        | Killed a nagaraja
  3699 | D        | Learned a level 9 spell: Shatter
  3704 | D        | Noticed a curse toe
  3727 | D        | Killed a curse toe
  3728 | D        | Reached skill level 5 in Fighting
  3728 | D        | Reached skill level 1 in Shields
  3728 | D        | Reached XP level 13. HP: 45/72 MP: 1/36
  3908 | D        | Noticed Frederick
  3915 | D        | Killed Frederick
  4018 | D        | Noticed an electric golem
  4021 | D        | Killed an electric golem
  4053 | D        | Noticed an Executioner
  4055 | D        | Killed an Executioner
  4172 | D        | Noticed a Hell Sentinel
  4189 | D        | Killed a Hell Sentinel
  4583 | D        | Noticed a vault guard
  4597 | D        | Noticed a naga warrior
  4600 | D        | Killed a vault guard
  4600 | D        | Noticed a yaktaur captain
  4612 | D        | Killed a naga warrior
  4615 | D        | Killed a yaktaur captain
  4806 | D        | Gained mutation: Your large and strong wings let you fly.
                  | [Gargoyle growth]
  4806 | D        | Reached XP level 14. HP: 79/79 MP: 18/39
  4849 | D        | Noticed an orc warlord
  5045 | D        | Noticed a deep elf blademaster
  5049 | D        | Killed a deep elf blademaster
  5442 | D        | Noticed an orc warlord
  5454 | D        | Killed an orc warlord
  5575 | D        | Got the +0 pair of gloves of the Hidden Vale {rF+ rC+ rCorr
                  | Dex+4}
  5610 | D        | Noticed Agnes
  5616 | D        | Killed Agnes
  5622 | D        | Killed an orc warlord
  5645 | D        | Reached skill level 27 in Earth Magic
  5823 | D        | Noticed a profane servitor
  5831 | D        | Killed a profane servitor
  6090 | D        | Noticed a Tzitzimitl
  6093 | D        | Killed a Tzitzimitl
  6131 | D        | Noticed a royal mummy
  6131 | D        | Noticed a curse toe
  6131 | D        | Noticed a titan
  6131 | D        | Noticed a shadow dragon
  6131 | D        | Noticed a titan
  6136 | D        | Killed a titan
  6136 | D        | Killed a titan
  6140 | D        | Killed a shadow dragon
  6141 | D        | Reached XP level 15. HP: 32/84 MP: 33/43
  6142 | D        | Killed a royal mummy
  6142 | D        | Killed a curse toe
  6434 | D        | Noticed a Brimstone Fiend
  6437 | D        | Killed a Brimstone Fiend
  6582 | D        | Noticed a curse toe
  6588 | D        | Killed a curse toe
  6702 | D        | Noticed a deep elf blademaster
  6705 | D        | Killed a deep elf blademaster
  6762 | D        | Noticed a deep elf master archer
  6764 | D        | Killed a deep elf master archer
  6765 | D        | Reached skill level 27 in Spellcasting
  6837 | D        | Noticed an electric golem
  6841 | D        | Killed an electric golem
  6842 | D        | Reached skill level 5 in Shields
  7012 | D        | Reached skill level 10 in Dodging
  7176 | D        | Noticed an orc warlord
  7177 | D        | Noticed a lich
  7179 | D        | Killed an orc warlord
  7179 | D        | Noticed a sphinx
  7180 | D        | Killed a lich
  7183 | D        | Noticed a sphinx
  7185 | D        | Noticed a sphinx
  7186 | D        | Killed a sphinx
  7186 | D        | Noticed an ancient lich
  7187 | D        | Killed a sphinx
  7189 | D        | Killed a sphinx
  7190 | D        | Reached XP level 16. HP: 75/94 MP: 30/47
  7190 | D        | Killed an ancient lich
  7191 | D        | Reached skill level 15 in Dodging
  7192 | D        | Noticed a deep elf master archer
  7194 | D        | Killed a deep elf master archer
  7213 | D        | Noticed a titan
  7216 | D        | Killed a titan
  7291 | D        | Noticed a green draconian monk
  7293 | D        | Killed a green draconian monk
  7337 | D        | Noticed an ancient lich
  7343 | D        | Killed an ancient lich
  7684 | D        | Got Tammyfin's Tome of Execration and Companions
  7686 | D        | Got Qottitid's Incunabulum of Translocation
  7695 | D        | Got the Volume of Bewitching Dislocation
  7697 | D        | Got Iluteist's Papyrus of the Harmful Snowflakes
  7704 | D        | Got the Handbook of Earth and the Traveller
  7726 | D        | Got the amulet of Geitrit {Reflect rPois Str+4 SH+5}
  7728 | D        | Got the amulet of the Pariah {Faith rF+ rCorr Str+4 Int+4}
  7731 | D        | Got the ring of Peace {rElec rC+ rCorr Slay+5}
  7733 | D        | Got the ring of Joy {rPois Slay+4}
  7735 | D        | Got the amulet "Juveut" {Reflect Rampage rN+ SH+5}
  7737 | D        | Got the amulet of Yrilomaomm {Spirit rElec rF++ Dex+4
                  | Stlth-}
  7740 | D        | Got the amulet "Qodonetu" {Drain rElec Regen+ Int+5 SInv}
  7742 | D        | Got the amulet of Equivalence {Reflect rF+ Dex+3 SH+5}
  7744 | D        | Got the ring of Tocoag {Int+3 Dex+2 Slay+5}
  7746 | D        | Got the amulet "Kiem" {Regen+ Str+7}
  7749 | D        | Got the ring "Momosk" {rC- Int+9 Dex+3 Slay+5}
  7751 | D        | Got the ring "Miopn" {Fly rF+ Int+2 Dex+2 SInv}
  7753 | D        | Got the amulet "Qoum" {Drain Fly rElec rN+ Regen+}
  7755 | D        | Got the ring "Gyetzull" {AC+4 Str+4 Int+4 Stlth+}
  7769 | D        | Got the ring of Ulifyl {rElec Will+ rCorr Int+4 SInv}
  7773 | D        | Got the ring of Plog {rF+ Will+ Int+4 Dex+6 Stlth+}
  7775 | D        | Got the ring "Doganoxt" {rF- Will++ EV+6}
  7777 | D        | Got the ring "Pulep" {*Corrode Fly Str+3 Slay+2 SInv}
  7794 | D        | Got the ring "Cosannoe" {+Blink rElec rC+ Dex+2}
  7796 | D        | Got the ring of Royalty {Will- rCorr Str+6 Dex+2 Stlth+}
  7799 | D        | Got the ring "Vofriss" {+Blink rC- MP+9 Str+6 Int+3}
  7801 | D        | Got the ring of Pakorr {rF- rCorr Str+9 Dex+6 SInv}
  7822 | D        | Got the ring of Ecuss {Contam rC+ Str+6 Dex+4 SInv}
  7837 | D        | Got the ring "Micvoate" {Ice Dex+2 SInv}
  7839 | D        | Got the ring of Efiezxo {Fire Int+5}
  7841 | D        | Got the ring of Discretion {Wiz rN+}
  7844 | D        | Got the ring "Selliafiu" {Fire rPois rCorr Str-4 Dex+3}
  8002 | D        | Noticed Qepniv the pandemonium lord
  8010 | D        | Learned a level 5 spell: Fireball
  8019 | D        | Learned a level 8 spell: Lehudib's Crystal Spear
  8029 | D        | Learned a level 9 spell: Fire Storm
  8037 | D        | Noticed a Brimstone Fiend
  8051 | D        | Noticed an Executioner
  8073 | D        | Noticed an Executioner
  8075 | D        | Noticed a Brimstone Fiend
  8080 | D        | Killed Qepniv the pandemonium lord
  8081 | D        | Reached skill level 10 in Fighting
  8081 | D        | Reached skill level 1 in Fire Magic
  8245 | D        | Noticed an ancient lich
  8251 | D        | Killed an ancient lich
  8252 | D        | Reached skill level 15 in Shields
  8252 | D        | Reached XP level 17. HP: 104/104 MP: 22/48
  8340 | D        | Noticed Gloorx Vloq
  8349 | D        | Noticed an Executioner
  8349 | D        | Noticed an Executioner
  8349 | D        | Noticed an Executioner
  8349 | D        | Killed Gloorx Vloq
  8507 | D        | Reached skill level 10 in Conjurations
  8645 | D        | Noticed a curse toe
  8648 | D        | Killed a curse toe
  8795 | D        | Noticed Mara
  8801 | D        | Killed Mara
  8905 | D        | Noticed a Brimstone Fiend
  8907 | D        | Killed a Brimstone Fiend
  8932 | D        | Found the +7 sceptre of Asmodeus
  8932 | D        | Noticed Asmodeus
  8939 | D        | Noticed a Brimstone Fiend
  8942 | D        | Killed from afar by a hellion

Illustrated notes

Levels and vault maps discovered:
D:        pitsprint [storerooms_1, entrance_room_1, metal_vault_7, armoury_1,
          mini_pit_1, grid_room_1, main_hall_1, silver_pit, the_coven_1,
          the_vestibule_1, steel_vault_5, golden_pit, hallway_of_sentries,
          crystal_vault_5, iron_vault_1, final_vault]

Skill      XL: |  1  2  3  4  5  6  7  8  9 10 11 12 13 14 15 16 17 |
---------------+----------------------------------------------------+-----
Dodging        | 3 4 5 6 7 13 20 22 | 22.0
Earth Magic    | 8 10 12 14 16 19 21 22 25 27 | 27.0
Staves         | 1 2 4 5 6 7 8 |  8.6
Stealth        | 4 |  4.2
Spellcasting   | 4 5 6 9 10 12 15 17 19 21 24 27 | 27.0
Transmutations | 1 2 |  2.2
Conjurations   | 1 2 4 13 | 13.9
Fighting       | 1 2 3 4 5 6 8 10 12 | 12.5
Shields        | 1 2 3 9 15 | 15.7
Fire Magic     | 2 3 |  3.8
Throwing       | |  0.3
Evocations     | |  0.4

Action                   |  1- 3 |  4- 6 |  7- 9 | 10-12 | 13-15 | 16-18 || total
-------------------------+-------+-------+-------+-------+-------+-------++-------
Melee: Quarterstaff      |     3 |    17 |     8 |    30 |    17 |       ||    75
Throw: Dart              |       |       |       |       |     1 |       ||     1
 Cast: Sandblast         |     2 |       |     3 |    17 |     9 |       ||    31
       Stone Arrow       |       |     9 |     1 |     7 |     4 |       ||    21
       Lee's Rapid Decon |       |     6 |    27 |    65 |   128 |    47 ||   273
       Petrify           |       |       |     1 |       |     4 |       ||     5
       Sticky Flame      |       |       |       |     1 |     3 |     1 ||     5
       Shatter           |       |       |       |       |     4 |     8 ||    12
       Lehudib's Crystal |       |       |       |       |       |    19 ||    19
       Fireball          |       |       |       |       |       |     1 ||     1
Evoke: Wand              |       |       |       |       |     1 |       ||     1
  Use: Potion            |       |       |     8 |     4 |    12 |     7 ||    31
       Scroll            |       |       |       |       |     1 |       ||     1
 Stab: Sleeping          |     1 |       |       |       |       |       ||     1
       Distracted        |       |       |       |     1 |       |       ||     1
       Petrified         |       |       |       |       |     1 |       ||     1
Armor: Robe              |       |     7 |     3 |    15 |    22 |     9 ||    56
Dodge: Dodged            |       |    22 |     4 |    43 |    48 |    43 ||   160
Block: Other             |       |       |       |     5 |    13 |       ||    18
       Reflection        |       |       |       |       |     1 |       ||     1

Table legend: (Time is in decaauts)
 A = Elapsed time spent in this place.
 B = Non-inter-level travel time spent in this place.
 C = Inter-level travel time spent in this place.
 D = Time resting spent in this place.
 E = Time spent auto-exploring this place.
 F = Levels seen in this place.
 G = Mean time per level.
                   A        B        C        D        E       F      G
               +--------+--------+--------+--------+--------+-----+--------+
         Total |   8911 |   8911 |      0 |   6427 |     30 |   1 | 8911.0 |
       Dungeon |   8911 |   8911 |      0 |   6427 |     30 |   1 | 8911.0 |
               +--------+--------+--------+--------+--------+-----+--------+

Top non-repeatable levels by time:
       D: 8911 daAuts
